 Dungeon Crawl Stone Soup version 0.26.0-15-gc6cd9f700b (webtiles) character file.

Game seed: 1610924885412850754

749 lastplaneout the Slicer (level 8, -1/51 HPs)
             Began as a Halfling Fighter on Jan 17, 2021.
             Was a Believer of Makhleb.
             Slain by an orc warrior
             ... wielding a +0 dire flail
              (12 damage)
             ... on level 8 of the Dungeon.
             The game lasted 00:10:08 (4591 turns).

lastplaneout the Slicer (Halfling Fighter)          Turns: 4591, Time: 00:10:10

Health: -1/51      AC: 11    Str: 19    XL:     8   Next: 6%
Magic:  8/8        EV:  9    Int:  6    God:    Makhleb [**....]
Gold:   158        SH: 14    Dex: 14    Spells: 7/7 levels left

rFire    . . .     SeeInvis .   a - +1 rapier (flame)
rCold    . . .     Faith    .   c - +0 kite shield
rNeg     . . .     Spirit   .   b - +0 scale mail
rPois    .         Reflect  +   i - +2 helmet
rElec    .         Harm     .   n - +0 cloak
rCorr    .         Rampage  .   (no gloves)
Will     .....                  (no boots)
Stlth    ..........             o - amulet of reflection
HPRegen  0.17/turn              (no ring)
MPRegen  0.11/turn              (no ring)

@: brilliant, lethally poisoned (-1 -> -14), very slightly contaminated,
invisible
A: small, mutation resistance 1
a: Renounce Religion, Minor Destruction


You were on level 8 of the Dungeon.
You worshipped Makhleb.
Makhleb was pleased with you.
You visited 1 branch of the dungeon, and saw 6 of its levels.

You collected 158 gold pieces.

Inventory:

Hand Weapons
 a - a +1 rapier of flaming (weapon)
Armour
 b - a +0 scale mail (worn)
 c - a +0 kite shield (worn)
 i - a +2 helmet (worn)
 n - a +0 cloak (worn)
Jewellery
 o - an amulet of reflection (around neck)
 B - an uncursed ring of protection from fire {unknown}
Wands
 k - a wand of flame (15)
 y - a wand of iceblast (10)
Scrolls
 e - 3 scrolls of remove curse
 f - a scroll of blinking
 h - a scroll of enchant weapon
 j - a scroll of amnesia
 l - a scroll of identify
 w - 2 scrolls of enchant armour
Potions
 g - 2 potions of curing
 p - a potion of ambrosia {unknown}
 r - a potion of cancellation {unknown}
 s - a potion of magic {unknown}
 t - a potion of flight {unknown}
 u - a potion of degeneration {unknown}
 v - a potion of haste {unknown}
 z - 2 potions of mutation {unknown}


   Skills:
 - Level 2.6 Fighting
 + Level 10.2 Short Blades
 - Level 3.2 Armour
 - Level 3.2 Shields


You had 7 spell levels left.
You didn't know any spells.
Your spell library was empty.

Dungeon Overview and Level Annotations

Branches:
Dungeon (5/15)             Temple (0/1) D:5

Altars:
Kikubaaqudgha
Makhleb
Okawaru
Vehumet


Innate Abilities, Weirdness & Mutations

You are small and have problems with some larger weapons.
You are somewhat resistant to further mutation.


Message History

You are very lightly contaminated with residual magic.
It was a potion of brilliance.
You feel clever all of a sudden. The water moccasin bites you.
* * * LOW HITPOINT WARNING * * *
You are poisoned.
The water moccasin poisons you! You block the orc warrior's attack.
You hit the water moccasin. You burn the water moccasin.
The water moccasin is moderately wounded.
* * * LOW HITPOINT WARNING * * *
You feel sick. You block the water moccasin's attack.
You block the orc warrior's attack.
You feel better.
The water moccasin bites you but does no damage.
The water moccasin bites you!
* * * LOW HITPOINT WARNING * * *
You are lethally poisoned!
The water moccasin poisons you!
The orc warrior hits you with a +0 dire flail!
You die...

#.#.##### #..... ..
####..!# #. #......#
#. ###....####.
#..>........
##...####### ###
#..z...oo..
#@#######.########
#Sozzozz......# #
.FP..h########.##.##
# .h..l§ ..# # #
.♣...s ... # P.....
..... # s.P...
...... # ♣.....
........ ......


You could see an orc warrior, a water moccasin, a wolf and a wight.

Vanquished Creatures
  A black bear (D:8)
  2 ogres
  A gnoll shaman (D:5)
  2 orc priests
  2 orc wizards
  2 worker ants (D:5)
  A howler monkey skeleton (D:5)
  15 gnolls
  3 adders (D:3)
  A white imp (D:4)
  A worm (D:2)
  3 dart slugs
  4 leopard geckos
  17 orcs
  3 giant cockroaches
  12 goblins
  7 hobgoblins
  3 jackals (D:4)
  2 quokkas
  A ball python (D:1)
  8 bats
  8 frilled lizards
  6 kobolds
  A quokka skeleton (D:4)
  5 rats (D:1)
111 creatures vanquished.

Vanquished Creatures (others)
  2 gnolls (D:4)
  A fungus (D:8)
  7 plants (D:8)
10 creatures vanquished.

Grand Total: 121 creatures vanquished

Notes
Turn   | Place    | Note
-------+----------+-------------------------------------------
     0 | D:1      | lastplaneout the Halfling Fighter began the quest for the
                  | Orb.
     0 | D:1      | Reached XP level 1. HP: 15/15 MP: 1/1
    96 | D:1      | Reached skill level 3 in Short Blades
   121 | D:1      | Reached XP level 2. HP: 12/20 MP: 2/2
   506 | D:1      | Reached skill level 4 in Short Blades
   506 | D:1      | Reached XP level 3. HP: 25/25 MP: 3/3
  1250 | D:2      | Found a burning altar of Makhleb.
  1273 | D:2      | Became a worshipper of Makhleb the Destroyer
  1429 | D:2      | Reached XP level 4. HP: 26/30 MP: 4/4
  1431 | D:2      | Reached skill level 5 in Short Blades
  1743 | D:2      | Found an iron altar of Okawaru.
  2281 | D:2      | Reached XP level 5. HP: 31/35 MP: 5/5
  2289 | D:2      | Reached skill level 6 in Short Blades
  2525 | D:3      | Reached * piety under Makhleb
  2841 | D:3      | Reached skill level 7 in Short Blades
  2841 | D:3      | Reached XP level 6. HP: 38/41 MP: 6/6
  3021 | D:3      | HP: 2/41 [orc/+0 hand axe of electrocution (8)]
  3541 | D:4      | Noticed an ogre
  3548 | D:4      | Killed an ogre
  3549 | D:4      | Reached skill level 8 in Short Blades
  3734 | D:4      | Found a radiant altar of Vehumet.
  3751 | D:4      | Reached XP level 7. HP: 40/45 MP: 7/7
  4115 | D:5      | Entered Level 5 of the Dungeon
  4182 | D:5      | Found an ancient bone altar of Kikubaaqudgha.
  4212 | D:5      | Reached skill level 9 in Short Blades
  4384 | D:5      | Reached ** piety under Makhleb
  4400 | D:5      | Found a staircase to the Ecumenical Temple.
  4540 | D:5      | You fall into a shaft and drop 3 floors!
  4566 | D:8      | Noticed a wyvern
  4566 | D:8      | Noticed a water moccasin
  4567 | D:8      | Noticed a water moccasin
  4568 | D:8      | Noticed a water moccasin
  4568 | D:8      | Noticed a basilisk
  4568 | D:8      | Noticed a basilisk
  4584 | D:8      | Reached skill level 10 in Short Blades
  4584 | D:8      | Reached XP level 8. HP: 29/51 MP: 8/8
  4591 | D:8      | Slain by an orc warrior

Illustrated notes

Levels and vault maps discovered:
D:1:      dpeg_arrival_pits, layout_basic, fountainhead
D:2:      layout_basic, okawaru_ov_weapons_minmay, bloody_makhleb
D:3:      layout_loops_ring
D:4:      layout_cave_pools, fiery_altar_vehumet
D:5:      layout_basic, kennysheep_mini_moat, general_overflow_altar,
          minmay_temple_entry_tees
D:8:      layout_basic, lemuel_round_altar, minmay_lair_entry_grove

Skill      XL: |  1  2  3  4  5  6  7 |
---------------+----------------------+-----
Short Blades   | 3 4 5 7 8 10 | 10.2
Fighting       | |  2.6
Armour         | |  3.2
Shields        | |  3.2

Action                   |  1- 3 |  4- 6 |  7- 9 || total
-------------------------+-------+-------+-------++-------
Melee: Rapier            |    92 |   215 |    95 ||   402
  Use: Potion            |       |     3 |     6 ||     9
       Scroll            |       |       |     8 ||     8
Armor: Scale mail        |    33 |    66 |    42 ||   141
Dodge: Dodged            |    33 |    55 |    25 ||   113
Block: Kite shield       |    45 |   166 |    76 ||   287
       Reflection        |       |     4 |       ||     4
